 Dungeon Crawl Stone Soup version 0.18.1-5-g4a78601 (webtiles) character file.

786 Bubs the Shield-Bearer (level 8, -17/63 HPs)
             Began as a Formicid Fighter on May 10, 2016.
             Was a Believer of Qazlal.
             Demolished by Menkaure (21 damage)
             ... on level 5 of the Dungeon.
             The game lasted 00:09:43 (3494 turns).

Bubs the Shield-Bearer (Formicid Fighter)           Turns: 3494, Time: 00:09:43

Health: -17/63     AC:  7    Str: 23    XL:     8   Next: 11%
Magic:  8/8        EV:  9    Int:  8    God:    Qazlal [**....]
Gold:   134        SH: 13    Dex: 10    Spells: 0 memorised, 7 levels left

rFire  . . .     SeeInvis +     b - +1 mace (venom)
rCold  . . .     Gourm    .     r - +0 scale mail
rNeg   . . .     Faith    .     c - +0 shield
rPois  +         Spirit   .     (helmet unavailable)
rElec  .         Dismiss  +     (no cloak)
rCorr  .         Reflect  .     (no gloves)
SustAt .         Harm     .     (no boots)
MR     .....                    e - amulet of dismissal
Stlth  ..........               (no ring)
                                h - ring of poison resistance

@: not resistant to hostile enchantments, extremely unstealthy
A: permanent stasis, dig shafts and tunnels, four strong arms, antennae 3
a: Dig, Shaft Self, Upheaval, Renounce Religion


You were on level 5 of the Dungeon.
You worshipped Qazlal.
Qazlal was pleased with you.
You were hungry.

You visited 1 branch of the dungeon, and saw 5 of its levels.

You collected 156 gold pieces.
You spent 22 gold pieces at shops.

Inventory:

Hand Weapons
 a - a +0 war axe
 b - a +1 mace of venom (weapon)
Armour
 c - a +0 shield (worn)
 r - a +0 scale mail (worn)
Jewellery
 e - an amulet of dismissal (around neck)
 h - a ring of poison resistance (left hand)
Scrolls
 g - 3 scrolls of identify
 j - 2 scrolls of enchant weapon {unknown}
 k - a scroll of teleportation {unknown}
 m - 2 scrolls of recharging {unknown}
 s - 2 scrolls of blinking {unknown}
 t - 3 scrolls of enchant armour {unknown}
 u - a scroll of random uselessness {unknown}
 w - 4 scrolls of remove curse {unknown}
 y - a scroll of fear {unknown}
Potions
 d - 3 potions of might
 i - 3 potions of curing {unknown}
 l - a potion of resistance {unknown}
 n - a potion of degeneration {unknown}
 o - 2 potions of beneficial mutation {unknown}
 v - a potion of ambrosia {unknown}
 x - 2 potions of flight {unknown}
 z - a potion of haste {unknown}
 A - a potion of brilliance {unknown}
Comestibles
 f - 3 bread rations
 p - 2 meat rations
 q - 2 beef jerkies


   Skills:
 + Level 5.6 Fighting
 - Level 2.4(3.4) Axes
 + Level 3.6(4.0) Maces & Flails
 + Level 5.7 Armour
 + Level 6.2 Shields


You had 7 spell levels left.
You didn't know any spells.

Dungeon Overview and Level Annotations

Branches:
Dungeon (5/15)
 Temple: D:4-7

Altars:
Qazlal
Sif Muna

Shops:
D:4 ?

Annotations:
D:5 Menkaure


Innate Abilities, Weirdness & Mutations

You are under a permanent stasis effect.
You can dig through walls and to a lower floor.
Your four strong arms can wield two-handed weapons with a shield.
You have a pair of large antennae on your head (SInv).


Message History

You block the gnoll's attack.
You see here a giant newt corpse.
You hit the gnoll.
The gnoll is heavily wounded.
You block the gnoll's attack.
You hit the gnoll but do no damage.
The gnoll is heavily wounded.
You block the gnoll's attack.
You hit the gnoll.
The gnoll is poisoned.
The gnoll is almost dead.
You block the gnoll's attack.
You hit the gnoll.
You kill the gnoll!
Qazlal accepts your kill.
Your shield and scale mail prevent you from hitting Menkaure.
Menkaure hits you!!
* * * LOW HITPOINT WARNING * * *
You hit Menkaure but do no damage. You block Menkaure's attack.
Menkaure hits you!!
You die...

#####...#####
#.(...#.#
#.###...# #.#
#.### #.# #.#
###.# #.#
#...# #..
###.# ### #@#
####M#####
#.....).g#
#.##.###.# #
#.. ... .....
.##... #.
#.##.


You could see Menkaure.

Vanquished Creatures
  2 ogres (D:4)
  A centaur (D:3)
  A howler monkey (D:4)
  2 orc priests
  4 orc wizards
  Jessica (D:3)
  A centaur skeleton (D:4)
  Natasha (thrice) (D:3)
  3 gnolls (D:5)
  7 adders
  An ooze (D:4)
  2 worms
  3 dart slugs
  5 giant geckos
  13 orcs
  A ball python (D:4)
  12 bats
  2 giant cockroaches (D:1)
  8 goblins
  4 hobgoblins
  4 jackals (D:2)
  7 kobolds
  7 giant newts
  8 rats
102 creatures vanquished.

Notes
Turn   | Place    | Note
--------------------------------------------------------------
     0 | D:1      | Bubs the Formicid Fighter began the quest for the Orb.
     0 | D:1      | Reached XP level 1. HP: 18/18 MP: 1/1
   230 | D:1      | Reached XP level 2. HP: 22/24 MP: 2/2
   920 | D:2      | Found a deep blue altar of Sif Muna.
   924 | D:2      | Noticed a water elemental
   926 | D:2      | Found a stormy altar of Qazlal.
   927 | D:2      | Noticed an air elemental
   927 | D:2      | Noticed an earth elemental
   927 | D:2      | Noticed a fire elemental
   932 | D:2      | Became a worshipper of Qazlal Stormbringer
   962 | D:2      | Reached skill level 4 in Shields
   962 | D:2      | Reached XP level 3. HP: 23/29 MP: 3/3
  1112 | D:2      | Reached XP level 4. HP: 37/37 MP: 4/4
  1322 | D:2      | Reached * piety under Qazlal
  1446 | D:2      | Reached skill level 1 in Maces & Flails
  1695 | D:3      | Reached XP level 5. HP: 34/42 MP: 5/5
  1755 | D:3      | Noticed Jessica
  1777 | D:3      | Killed Jessica
  1777 | D:3      | Reached skill level 5 in Shields
  1777 | D:3      | Reached XP level 6. HP: 41/49 MP: 6/6
  1981 | D:3      | Noticed Natasha
  1987 | D:3      | Killed Natasha
  2002 | D:3      | Noticed Natasha
  2010 | D:3      | Killed Natasha
  2010 | D:3      | Reached XP level 7. HP: 39/55 MP: 7/7
  2269 | D:3      | Reached ** piety under Qazlal
  2381 | D:3      | Noticed Natasha
  2386 | D:3      | Killed Natasha
  2386 | D:3      | Reached skill level 5 in Armour
  2617 | D:4      | Reached skill level 5 in Fighting
  2777 | D:4      | Found Ablom Eto's Magic Scroll Boutique.
  2785 | D:4      | Bought a scroll of identify for 22 gold pieces
  3007 | D:4      | Reached skill level 6 in Shields
  3007 | D:4      | Reached XP level 8. HP: 63/63 MP: 8/8
  3417 | D:5      | Entered Level 5 of the Dungeon
  3474 | D:5      | Noticed Menkaure
  3493 | D:5      | HP: 3/63 [Menkaure (21)]
  3494 | D:5      | Demolished by Menkaure

Skill      XL: |  1  2  3  4  5  6  7 |
---------------+----------------------+-----
Shields        | 4 5 6 |  6.2
Armour         | 4 5 |  5.7
Fighting       | 4 5 |  5.6
Maces & Flails | 1 2 3 |  3.6
Axes           | |  2.4

Action                   |  1- 3 |  4- 6 |  7- 9 || total
-------------------------+-------+-------+-------++-------
Melee: War axe           |    87 |       |       ||    87
       Mace              |     5 |    92 |   126 ||   223
  Eat: Chunk             |       |     4 |     4 ||     8
Armor: Scale mail        |    49 |    27 |    34 ||   110
Dodge: Dodged            |    37 |    34 |    38 ||   109
Block: Shield            |    53 |    57 |    99 ||   209
